 Dungeon Crawl Stone Soup version 0.29.0-4-gdea44cf6ec (webtiles) character file.

Game seed: 12493674260713319423

172 qw the Chopper (level 5, 0/30 HPs)
             Began as a Tengu Warper on Aug 28, 2022.
             Was an Initiate of Okawaru.
             Slain by a lemure (5 damage)
             ... led by Pikel
             ... on level 4 of the Dungeon.
             The game lasted 00:00:19 (3635 turns).

qw the Chopper (Tengu Warper)                       Turns: 3635, Time: 00:00:20

Health: 0/30       AC:  8    Str: 13    XL:     5   Next: 52%
Magic:  9/9        EV: 11    Int: 13    God:    Okawaru [......]
Gold:   165        SH:  0    Dex: 14    Spells: 8/8 levels left

rFire   . . .      SeeInvis .   Y - +2 hand axe (freeze)
rCold   . . .      Faith    .   (no shield)
rNeg    . . .      Spirit   .   h - +0 chain mail
rPois   .          Reflect  .   (helmet restricted)
rElec   .          Harm     .   (no cloak)
rCorr   .          Rampage  .   (no gloves)
Will    .....                   (boots unavailable)
Stlth   ..........              (no amulet)
HPRegen 0.10/turn               g - +4 ring of evasion
MPRegen 0.11/turn               (no ring)

@: flying quickly and evasively, quick
A: beak, talons 3, nimble flight
a: Renounce Religion


You were on level 4 of the Dungeon.
You worshipped Okawaru.
Okawaru was noncommittal.
You visited 1 branch of the dungeon, and saw 4 of its levels.

You collected 165 gold pieces.


Innate Abilities, Weirdness & Mutations

You have a beak for a mouth.
You have claws for feet.
Your magical nature lets you fly swiftly and evasively.


   Skills:
 - Level 2.0 Fighting
 - Level 6.1 Axes
 - Level 1.0 Throwing
 + Level 1.1 Armour
 - Level 2.1 Dodging
 - Level 2.0 Spellcasting
 - Level 2.4 Translocations


You had 8 spell levels left.
You didn't know any spells.
Your spell library contained the following spells:

 Spells                   Type           Power      Damage    Failure   Level
 Blink                    Tloc           14%        N/A       99%         2
 Gell's Gravitas          Tloc           7%         N/A       100%        3
 Lesser Beckoning         Tloc           7%         N/A       100%        3
 Teleport Other           Tloc           7%         N/A       100%        3
 Manifold Assault         Tloc           7%         N/A       100%        5

Inventory:

Hand Weapons
 m - the +9 mace "Kaxokk" {speed, Dex+6}
   (You found it on level 2 of the Dungeon)

   Attacks with this weapon are significantly faster.
   Dex:       It affects your dexterity (+6).
 Y - a +2 hand axe of freezing (weapon)
Armour
 h - a +0 chain mail (worn)
Jewellery
 g - a +4 ring of evasion (left hand)
Scrolls
 a - a scroll of identify
 b - a scroll of enchant armour
Potions
 c - a potion of flight {unknown}
 d - a potion of mutation {unknown}
 e - 2 potions of cancellation
 f - 2 potions of curing

Dungeon Overview and Level Annotations

Branches:
Dungeon (4/15)
 Temple: D:4-7

Altars:
Dithmenos
Okawaru
Wu Jian

Annotations:
D:4 Pikel


Message History

Pikel barely misses you.
A lemure comes into view.
The lemure shouts!
You hit Pikel. You peck Pikel, but do no damage.
Pikel is lightly wounded.
You closely miss the lemure. Pikel barely misses you. The lemure hits you.
You barely miss Pikel.
Pikel is lightly wounded.
You closely miss the lemure. Pikel closely misses you.
You hit Pikel but do no damage. Your kick misses Pikel.
Pikel is lightly wounded.
You hit the lemure. You freeze the lemure. You hit the lemure.
You freeze the lemure. The lemure hits you but does no damage.
Pikel hits you but does no damage. The lemure misses you.
You barely miss the lemure. You peck the lemure, but do no damage.
The lemure is lightly wounded.
You hit the lemure but do no damage. You hit Pikel but do no damage.
Pikel hits you but does no damage. The lemure closely misses you.
The lemure hits you.
You hit the lemure. You freeze the lemure.
You claw the lemure, but do no damage.
The lemure is moderately wounded.
You hit Pikel but do no damage. You miss the lemure.
The lemure hits you but does no damage. Pikel closely misses you.
The lemure hits you!
You closely miss the lemure. You claw the lemure.
The lemure is moderately wounded.
You hit Pikel. You freeze Pikel. You barely miss the lemure.
The lemure hits you. Pikel hits you but does no damage.
The lemure barely misses you.
You hit the lemure but do no damage. You peck the lemure, but do no damage.
The lemure is moderately wounded.
You closely miss Pikel. You hit the lemure. You freeze the lemure.
Pikel says, "You'll make a fine lemure."
Pikel hits you with a +0 whip of freezing.
Pikel freezes you. The lemure closely misses you. The lemure hits you.
You die...

# #.# #.# #.#
#####.###.# #.###
........#.# #.#..
#########.# #.#.#
..........###.#.#####
#####......#.#.#...
#..###......#.#.#.######
............'...5K......
#..###......#.#.@5#....#
# #......#.##### 55#
...........# #
##.......#.# #.##.##.#.#
#. ..##...# #.###>.####


You could see Pikel and 2 lemures.

Vanquished Creatures
  A lemure (D:4)
  A hound (D:4)
  4 adders
  5 worms
  2 dart slugs
  5 orcs (D:3)
  4 ball pythons
  7 bats
  8 endoplasms
  2 giant cockroaches
  5 goblins
  11 hobgoblins
  8 jackals
  3 quokkas
  5 frilled lizards
  2 kobolds (D:3)
  3 rats
76 creatures vanquished.

Vanquished Creatures (others)
  A withered plant (D:2)
1 creature vanquished.

Grand Total: 77 creatures vanquished

Notes
Turn   | Place    | Note
-------+----------+-------------------------------------------
     0 | D:1      | qw the Tengu Warper began the quest for the Orb.
     0 | D:1      | Reached XP level 1. HP: 12/12 MP: 4/4
     0 | D:1      | 0 ||| qw: Version: 0.1-a-89-g26bdef1
     0 | D:1      | 0 ||| qw: Game counter: 2591
     0 | D:1      | 0 ||| qw: Always use a shield: true
     0 | D:1      | 0 ||| qw: God list: Okawaru
     0 | D:1      | 0 ||| qw: Allow faded altars: false
     0 | D:1      | 0 ||| qw: Do Orc after D:15 true
     0 | D:1      | 0 ||| qw: Do second Lair branch before Depths: true
     0 | D:1      | 0 ||| qw: Lair rune preference: random
     0 | D:1      | 0 ||| qw: Plans: Normal
     0 | D:1      | 0 ||| PLANNING D:1-11
    38 | D:1      | 38 ||| Stepping ~*~*~tactically~*~*~ (stealth).
    40 | D:1      | 40 ||| Stepping ~*~*~tactically~*~*~ (stealth).
    52 | D:1      | Reached XP level 2. HP: 14/17 MP: 6/6
   132 | D:1      | Reached skill level 3 in Axes
   252 | D:1      | 252 ||| Stepping ~*~*~tactically~*~*~ (stealth).
   253 | D:1      | 253 ||| Stepping ~*~*~tactically~*~*~ (stealth).
   669 | D:1      | Reached XP level 3. HP: 19/21 MP: 7/7
   967 | D:1      | 967 ||| Stepping ~*~*~tactically~*~*~ (stealth).
   988 | D:1      | 988 ||| UPGRADING to +4 ring of evasion.
   989 | D:1      | 989 ||| READING scroll labelled DAUBRE IRYWEFE.
   990 | D:1      | 990 ||| READING scroll labelled KAIGUO JEUN.
   991 | D:1      | 991 ||| DRINKING 3 fizzy dark potions.
   992 | D:1      | 992 ||| DRINKING 2 fizzy grey potions.
   993 | D:1      | 993 ||| DROPPING scroll of blinking.
  1068 | D:2      | Reached skill level 4 in Axes
  1135 | D:2      | 1135 ||| Stepping ~*~*~tactically~*~*~ (hiding).
  1157 | D:2      | 1157 ||| Stepping ~*~*~tactically~*~*~ (hiding).
  1158 | D:2      | 1158 ||| Stepping ~*~*~tactically~*~*~ (hiding).
  1159 | D:2      | 1159 ||| Stepping ~*~*~tactically~*~*~ (hiding).
  1160 | D:2      | 1160 ||| Stepping ~*~*~tactically~*~*~ (hiding).
  1322 | D:2      | Found a faded altar of an unknown god.
  1608 | D:2      | Reached XP level 4. HP: 26/26 MP: 8/8
  1678 | D:2      | 1678 ||| Stepping ~*~*~tactically~*~*~ (stealth).
  1679 | D:2      | 1679 ||| Stepping ~*~*~tactically~*~*~ (stealth).
  1680 | D:2      | 1680 ||| Stepping ~*~*~tactically~*~*~ (stealth).
  1681 | D:2      | 1681 ||| Stepping ~*~*~tactically~*~*~ (stealth).
  1682 | D:2      | 1682 ||| Stepping ~*~*~tactically~*~*~ (stealth).
  1683 | D:2      | 1683 ||| Stepping ~*~*~tactically~*~*~ (stealth).
  1777 | D:2      | Identified the +9 mace "Kaxokk" {speed, Dex+6}
  1779 | D:2      | 1779 ||| DROPPING +0 club.
  2292 | D:2      | 2292 ||| UPGRADING to +0 ring mail.
  2302 | D:2      | 2302 ||| DROPPING +0 leather armour.
  2303 | D:2      | 2303 ||| READING scroll labelled TAOMPAALOU.
  2304 | D:2      | 2304 ||| READING scroll labelled CEL HIUVOPS.
  2305 | D:2      | 2305 ||| READING scroll labelled BUAGYO ZAINN.
  2306 | D:2      | 2306 ||| READING scroll labelled RAJI DEUCLEGG.
  2373 | D:3      | Reached skill level 5 in Axes
  2409 | D:3      | 2409 ||| Stepping ~*~*~tactically~*~*~ (stealth).
  2443 | D:3      | Found an iron altar of Okawaru.
  2448 | D:3      | Became a worshipper of Warmaster Okawaru
  2599 | D:3      | Found an ornate altar of the Wu Jian Council.
  2609 | D:3      | Found a shadowy altar of Dithmenos.
  2816 | D:3      | Gained mutation: Your magical nature lets you fly swiftly
                  | and evasively. [Tengu growth]
  2816 | D:3      | Reached XP level 5. HP: 30/30 MP: 9/9
  2929 | D:3      | 2929 ||| SWAPPING to +2 vorpal hand axe.
  2930 | D:3      | 2930 ||| DROPPING +1 hand axe.
  3526 | D:3      | 3526 ||| UPGRADING to +0 chain mail.
  3536 | D:3      | 3536 ||| DROPPING +0 ring mail.
  3537 | D:3      | 3537 ||| READING scroll labelled DUFEYCV EVUIF.
  3540 | D:3      | 3540 ||| READING scroll labelled SOREEHEFOT.
  3614 | D:4      | Reached skill level 6 in Axes
  3617 | D:4      | Noticed a lemure
  3617 | D:4      | Noticed a lemure
  3618 | D:4      | 3618 ||| Stepping ~*~*~tactically~*~*~ (stealth).
  3619 | D:4      | Noticed Pikel
  3619 | D:4      | Noticed a lemure
  3620 | D:4      | 3620 ||| Stepping ~*~*~tactically~*~*~ (stealth).
  3626 | D:4      | Killed a lemure
  3628 | D:4      | Noticed a lemure
  3634 | D:4      | HP: 7/30 [lemure[Pikel] (2)]
  3635 | D:4      | Slain by a lemure

Levels and vault maps discovered:
D:1:      dpeg_arrival_solitude, layout_loops_ring
D:2:      layout_loops_corners, ebering_ecumenical_altar_petrified
D:3:      minmay_chambers_of_twos, layout_basic,
          mainiacjoe_overflow_cross_hatched, amethyst_overflow_temple_binary
D:4:      layout_basic, st_stairs_7, uniq_pikel, uniq_duvessa

Skill      XL: |  1  2  3  4  5 |
---------------+----------------+-----
Axes           | 3 4 5 6 |  6.1
Fighting       | |  2.0
Throwing       | |  1.0
Armour         | |  1.1
Dodging        | |  2.1
Spellcasting   | |  2.0
Translocations | |  2.4

Action                   |  1- 3 |  4- 6 || total
-------------------------+-------+-------++-------
Melee: Hand axe          |    76 |   113 ||   189
       Kick              |    16 |    25 ||    41
       Peck              |    13 |    20 ||    33
       Punch             |     1 |     1 ||     2
Throw: Boomerang         |     7 |       ||     7
  Use: Scroll            |     2 |     6 ||     8
       Potion            |     2 |       ||     2
Armor: Leather armour    |    10 |     8 ||    18
       Ring mail         |       |     5 ||     5
       Chain mail        |       |     8 ||     8
Dodge: Dodged            |    39 |    68 ||   107

Table legend:
 A = Non-vault XP
 B = Vault XP
 C = Vault XP percentage of total XP
 D = Non-vault monster count
 E = Vault monster count
 F = Vault count percentage of total count
                 A         B        C        D         E       F
            +---------+---------+-------+---------+---------+-------
      Total |     173 |      73 |  29.7 |      66 |       9 |  12.0
            +---------+---------+-------+---------+---------+-------
        D:1 |      43 |       0 |   0.0 |      24 |       0 |   0.0
        D:2 |      64 |       0 |   0.0 |      24 |       0 |   0.0
        D:3 |      66 |      31 |  32.0 |      18 |       8 |  30.8
        D:4 |       0 |      42 | 100.0 |       0 |       1 | 100.0
            +---------+---------+-------+---------+---------+-------
